[Event "Team 45 45 League T68"]
[Site "Internet Chess Club"]
[Date "2016.04.03"]
[Round "4"]
[White "dabodhi"]
[Black "mongmong"]
[Result "0-1"]
[WhiteElo "1409"]
[BlackElo "1525"]
[Opening "French: Winawer, advance variation"]
[ECO "C16"]
[Time "17:01:11"]
[TimeControl "2700+45"]

1. e4 e6 2. d4 d5 3. Nc3 Bb4 4. e5 Ne7 5. Bd2 a6 6. Nge2 c5 7. a3 Bxc3 8. bxc3
c4 9. Ng3 Bd7 10. Nh5 O-O 11. Qg4 Ng6 12. Be2 Ba4 13. Rb1 b5 14. Bg5 Qa5 15. Qf3
Bxc2 16. Ra1 Be4 17. Qe3 Nc6 18. O-O Bf5 19. Nf6+ Kh8 20. g4 Bc2 21. Qh3 Ngxe5
22. Qxh7+ Bxh7 {White resigns} 0-1

[Event "Team 45 45 League T68"]
[Site "Internet Chess Club"]
[Date "2016.03.31"]
[Round "4"]
[White "rhayder"]
[Black "jjaillet2007"]
[Result "0-1"]
[WhiteElo "1395"]
[BlackElo "1290"]
[Opening "French: Marshall variation"]
[ECO "C10"]
[Time "21:14:32"]
[TimeControl "2700+45"]

1. e4 e6 2. d4 d5 3. Nc3 c5 4. Nf3 Nc6 5. Bb5 a6 6. Bxc6+ bxc6 7. Be3 cxd4 8.
Nxd4 Bb7 9. Nb3 Bb4 10. exd5 Bxc3+ 11. bxc3 cxd5 12. Nc5 Qc7 13. Nxb7 Qxb7 14.
Bd4 Nf6 15. Bxf6 gxf6 16. O-O Rg8 17. Qd3 d4 18. cxd4 Qxg2# {White checkmated}
0-1

[Event "Team 45 45 League T68"]
[Site "Internet Chess Club"]
[Date "2016.04.02"]
[Round "4"]
[White "bhandelman"]
[Black "stantheman59"]
[Result "1/2-1/2"]
[WhiteElo "1208"]
[BlackElo "1205"]
[Opening "English opening"]
[ECO "A13"]
[Time "10:04:21"]
[TimeControl "2700+45"]

1. c4 e6 2. g3 d5 3. cxd5 exd5 4. Bg2 Nf6 5. e3 c6 6. Nc3 Be7 7. Nge2 O-O 8. O-O
Bg4 9. h3 Bh5 10. g4 Bg6 11. Nf4 Bd6 12. Nxg6 fxg6 13. f4 Na6 14. a3 Nc5 15. Qc2
Re8 16. d3 Qb6 17. b4 Ncd7 18. Re1 Bxf4 19. Qf2 g5 20. Na4 Qb5 21. Bf1 Qxa4 22.
exf4 Rxe1 23. Qxe1 gxf4 24. Bxf4 Re8 25. Qc3 c5 26. Bd6 d4 27. Qc4+ Kh8 28. Bxc5
Rc8 29. Qe6 Qc6 30. Re1 Qxe6 31. Rxe6 Nxc5 32. bxc5 Rxc5 33. Bg2 Rc7 34. g5 Ng8
35. Re8 Rd7 36. Be4 Re7 37. Rd8 Re5 38. Bd5 Rxg5+ 39. Kh2 Rxd5 40. Rxd5 h6 41.
Rxd4 Nf6 42. Kg3 g5 43. Rd6 Kg7 44. Kf3 Kf7 45. Rd4 Ke6 46. Ke3 h5 47. Rb4 Nd5+
48. Ke4 Nxb4 49. axb4 Kd6 50. d4 b6 51. Kf5 g4 52. hxg4 h4 53. Kf4 a5 54. g5
axb4 55. g6 Ke7 56. d5 b3 57. d6+ Kxd6 58. g7 b2 59. g8=Q b1=Q 60. Qf8+ Kc6 61.
Qe8+ Kb7 62. Qd7+ Ka6 63. Qa4+ Kb7 64. Qd7+ Ka6 65. Qc8+ Kb5 66. Qd7+ Ka6 {Game
drawn by repetition} 1/2-1/2

[Event "Team 45 45 League T68"]
[Site "Internet Chess Club"]
[Date "2016.04.01"]
[Round "4"]
[White "chips"]
[Black "Just-Jim"]
[Result "1-0"]
[WhiteElo "1225"]
[BlackElo "1280"]
[Opening "Queen's pawn game"]
[ECO "D00"]
[Time "08:47:52"]
[TimeControl "2700+45"]

1. d4 d5 2. e3 f5 3. Nf3 e6 4. g3 Be7 5. Bg2 Nc6 6. O-O Nf6 7. Nbd2 O-O 8. c4
Ne4 9. c5 b6 10. cxb6 cxb6 11. a3 g5 12. Qc2 Qd7 13. b4 g4 14. Ne1 Ba6 15. Nd3
Bb5 16. Re1 Bxd3 17. Qxd3 a5 18. bxa5 Nxa5 19. Nxe4 dxe4 20. Qf1 Rfc8 21. Rb1
Nc4 22. Ra1 Bxa3 23. Bxa3 Rxa3 24. Rxa3 Nxa3 25. Rc1 Rxc1 26. Qxc1 Nb5 27. Bf1
Na7 28. Qb1 b5 29. Qb4 Kf7 30. h3 gxh3 31. Bxh3 Qb7 32. Bf1 Nc6 33. Qxb5 Qxb5
34. Bxb5 Na7 35. Bc4 Nc6 36. d5 Na5 37. dxe6+ Ke7 38. Ba2 Nc6 39. Kg2 Nd8 40.
Kh3 Nxe6 41. Bxe6 Kxe6 42. Kh4 Kf6 43. Kh5 Kg7 44. Kg5 h6+ 45. Kxf5 Kf7 46. Kxe4
Kg6 47. Kf4 h5 48. e4 Kf6 49. f3 Ke6 50. Kg5 Ke5 51. Kxh5 Kf6 52. f4 Ke6 53. Kg5
{Black resigns} 1-0

[Event "Team 45 45 League T68"]
[Site "Internet Chess Club"]
[Date "2016.04.02"]
[Round "4"]
[White "rkjulianjr"]
[Black "Electryon"]
[Result "1/2-1/2"]
[WhiteElo "1377"]
[BlackElo "1431"]
[Opening "Nimzo-Indian: 4.e3, Bronstein (Byrne) variation"]
[ECO "E45"]
[Time "10:01:21"]
[TimeControl "2700+45"]

1. d4 e6 2. c4 Nf6 3. Nc3 Bb4 4. e3 b6 5. Ne2 Ba6 6. a3 Be7 7. Ng3 d5 8. Qa4+
Qd7 9. Qxd7+ Nbxd7 10. cxd5 Bxf1 11. dxe6 Bxg2 12. exd7+ Nxd7 13. Rg1 Bf3 14.
Nf5 Bf6 15. Nxg7+ Bxg7 16. Rxg7 a6 17. e4 Nf6 18. e5 Nd5 19. Nxd5 Bxd5 20. Bg5
Kd7 21. Bf6 Rag8 22. Rg3 Rxg3 23. hxg3 Rg8 24. Kd2 Rg4 25. Ke3 b5 26. Re1 Re4+
27. Kd2 Rxe1 28. Kxe1 Ke6 29. Kd2 Kf5 30. f4 h5 31. Ke3 Kg4 32. Bh4 Kf5 33. Kd3
Ke6 34. Kc3 a5 35. Bd8 Kd7 36. Bf6 Ke6 37. b3 Kd7 38. Bh4 Ke6 39. b4 a4 40. Kd3
Kf5 41. Ke3 c6 42. Bf6 Kg4 43. Kf2 Kf5 44. Be7 Kg4 {Game drawn by mutual
agreement} 1/2-1/2

[Event "Team 45 45 League T68"]
[Site "Internet Chess Club"]
[Date "2016.03.31"]
[Round "4"]
[White "Aquaman"]
[Black "Toalla"]
[Result "1/2-1/2"]
[WhiteElo "1330"]
[BlackElo "1251"]
[Opening "English opening"]
[ECO "A10"]
[Time "16:00:44"]
[TimeControl "2700+45"]

1. c4 Na6 2. Nc3 c6 3. Nf3 Nf6 4. g3 Nc7 5. Bg2 d5 6. cxd5 Ncxd5 7. O-O Bf5 8.
Nxd5 cxd5 9. d3 e6 10. Qa4+ Qd7 11. Qd1 Bd6 12. a3 a5 13. Bg5 h6 14. Bd2 O-O 15.
Bc3 e5 16. Nxe5 Qe6 17. Nf3 Rfe8 18. Nd4 Qd7 19. Nxf5 Qxf5 20. h3 Qd7 21. Kh2
Be5 22. Bxe5 Rxe5 23. d4 Re7 24. e3 Rc8 25. Rc1 Rxc1 26. Qxc1 Qc6 27. Qd2 b6 28.
Rc1 Qb7 29. Rc3 Rc7 30. Qc2 Rxc3 31. Qxc3 Ne4 32. Bxe4 dxe4 33. Qd2 Qd5 34. Qc3
Qd7 35. Qc4 Qe6 36. d5 Qf5 37. Kg2 Qf3+ 38. Kf1 Qd1+ 39. Kg2 Qf3+ 40. Kg1 Qd1+
41. Qf1 Qxd5 42. Qc1 Qc5 43. Qc3 Kf8 44. Kf1 Qxc3 45. bxc3 Ke7 46. Ke2 a4 47. c4
Kd6 48. Kd2 Kc5 49. Kc3 g5 {Game drawn by mutual agreement} 1/2-1/2

[Event "Team 45 45 League T68"]
[Site "Internet Chess Club"]
[Date "2016.04.04"]
[Round "4"]
[White "joaoazm"]
[Black "artspir"]
[Result "0-1"]
[WhiteElo "1049"]
[BlackElo "1197"]
[Opening "Caro-Kann defense"]
[ECO "B10"]
[Time "19:00:20"]
[TimeControl "2700+45"]

1. e4 c6 2. Nf3 d5 3. Bd3 dxe4 4. Bxe4 Bg4 5. h3 Bxf3 6. Bxf3 Nf6 7. Nc3 e6 8.
O-O Bd6 9. Ne2 O-O 10. d4 Nbd7 11. Bf4 e5 12. Bg3 Qe7 13. Nc3 e4 14. Re1 Bxg3
15. fxg3 Qd6 16. Nd5 cxd5 17. Be2 Qxg3 18. c3 e3 19. Rf1 Ne4 20. Qe1 Nf2 21. Bb5
Nf6 22. Qe2 N6e4 23. Qf3 Nxh3+ 24. Kh1 Nef2+ 25. Rxf2 Nxf2+ 26. Kg1 Qh4 27. Qxe3
Qh1+ 28. Kxf2 Qxa1 29. Qh3 Qxb2+ 30. Ke3 Qxb5 31. g4 Rae8+ 32. Kd2 Re2+ 33. Kd1
Rfe8 34. Kc1 {White resigns} 0-1

[Event "Team 45 45 League T68"]
[Site "Internet Chess Club"]
[Date "2016.04.02"]
[Round "4"]
[White "RobertBuice"]
[Black "WzeroMN"]
[Result "0-1"]
[WhiteElo "1143"]
[BlackElo "1107"]
[Opening "QGD: Ragozin variation"]
[ECO "D38"]
[Time "15:19:08"]
[TimeControl "2700+45"]

1. d4 Nf6 2. c4 e6 3. Nf3 d5 4. Nc3 Bb4 5. Bd2 O-O 6. e3 Nbd7 7. Qc2 c5 8. a3
Bxc3 9. Bxc3 dxc4 10. Bxc4 cxd4 11. Bxd4 Nb6 12. O-O Nxc4 13. Qxc4 a5 14. Rad1
b6 15. Rfe1 Ba6 16. Qc6 Rb8 17. Be5 Rc8 18. Rxd8 Rxc6 19. Rxf8+ Kxf8 20. Nd4 Rc8
21. Rd1 Bd3 22. h4 Bg6 23. Bxf6 gxf6 24. g4 h5 25. f3 e5 26. gxh5 Bxh5 27. Nb3
Bxf3 28. Rd6 Rc6 29. Rd8+ Ke7 30. Rb8 Rd6 31. Rb7+ Bxb7 32. h5 f5 33. Kh2 Rh6
34. Kg3 Rxh5 35. e4 Bxe4 {White resigns} 0-1

[Event "Team 45 45 League T68"]
[Site "Internet Chess Club"]
[Date "2016.03.31"]
[Round "4"]
[White "olivermx"]
[Black "MasterD"]
[Result "0-1"]
[WhiteElo "1331"]
[BlackElo "1462"]
[Opening "Sicilian: Nimzovich-Rossolimo attack (without ...d6)"]
[ECO "B30"]
[Time "08:03:38"]
[TimeControl "2700+45"]

1. e4 c5 2. Nf3 Nc6 3. Bb5 Qb6 4. Nc3 a6 5. Bc4 d6 6. O-O Nf6 7. h3 e6 8. a3 Be7
9. d3 O-O 10. Na4 Qc7 11. Bb3 Bd7 12. Bd2 Na5 13. Bxa5 Qxa5 14. Qe1 Qxe1 15.
Rfxe1 Bd8 16. Red1 b5 17. Nc3 Bc7 18. Re1 Bc6 19. Nd2 Rad8 20. f3 d5 21. exd5
exd5 22. Rad1 c4 23. dxc4 dxc4 24. Ba2 Bf4 25. Nde4 Nxe4 26. Rxd8 Rxd8 27. Nxe4
h6 28. b3 cxb3 29. cxb3 Bxe4 30. Rxe4 Bg3 31. Kf1 Kf8 32. Ke2 Rb8 33. b4 Rb6 34.
Kd3 Rc6 35. Kd2 Bh2 36. Re3 Bf4 37. Kd3 Bxe3 38. Kxe3 Rc2 39. Bb3 Rxg2 40. Kf4
Ke7 41. Bd5 g5+ 42. Ke3 Rg1 43. Bb7 Ra1 44. Bxa6 Rxa3+ 45. Kf2 Rxa6 {White
resigns} 0-1

[Event "Team 45 45 League T68"]
[Site "Internet Chess Club"]
[Date "2016.04.03"]
[Round "4"]
[White "awesomecool"]
[Black "Andaluz"]
[Result "1/2-1/2"]
[WhiteElo "1149"]
[BlackElo "1338"]
[Opening "Caro-Kann: exchange variation"]
[ECO "B13"]
[Time "13:26:35"]
[TimeControl "2700+45"]

1. e4 c6 2. d4 d5 3. exd5 cxd5 4. Bd3 Nc6 5. Nf3 Nf6 6. Nc3 e6 7. O-O Be7 8. Bf4
Nh5 9. Bd2 O-O 10. Re1 Nb4 11. Be2 Nf6 12. a3 Nc6 13. Bf4 Bd6 14. Qd2 a6 15. Bd3
Qc7 16. Bxd6 Qxd6 17. Be2 Re8 18. Ne5 Nxe5 19. dxe5 Qxe5 20. Bb5 Qd6 21. Bxe8
Nxe8 22. Re2 Nf6 23. Qd4 Bd7 24. Rd1 Bc6 25. h3 Re8 26. f4 Qc7 27. g3 Nh5 28.
Kh2 Nf6 29. Ree1 Rd8 30. Qe5 Qb6 31. Qe2 Qxb2 32. Rd3 Qb6 33. f5 exf5 34. Nxd5
Nxd5 35. Rxd5 g6 36. Rxd8+ Qxd8 37. Qe3 {Game drawn by mutual agreement} 1/2-1/2

[Event "Team 45 45 League T68"]
[Site "Internet Chess Club"]
[Date "2016.03.31"]
[Round "4"]
[White "chesster3145"]
[Black "princevultan2"]
[Result "0-1"]
[WhiteElo "1169"]
[BlackElo "1244"]
[Opening "Ruy Lopez: 5.O-O"]
[ECO "C78"]
[Time "20:30:06"]
[TimeControl "2700+45"]

1. e4 e5 2. Nf3 Nc6 3. Bb5 a6 4. Ba4 Nf6 5. O-O b5 6. Bb3 Bc5 7. c3 Nxe4 8. d4
exd4 9. cxd4 Bb6 10. Re1 d5 11. Nc3 Be6 12. Nxe4 dxe4 13. Rxe4 O-O 14. Bxe6 fxe6
15. Qb3 Nxd4 16. Nxd4 Bxd4 17. Qxe6+ Kh8 18. Re2 Qe8 19. Qxe8 Raxe8 20. Be3 Re6
21. Rae1 Rfe8 22. Kf1 Bxe3 23. Rxe3 Rxe3 24. fxe3 Kg8 25. Ke2 Kf7 26. Rc1 Rc8
27. Rc6 a5 28. a4 bxa4 29. Kd3 Ke7 30. Ra6 Rb8 31. Kc3 Rb5 32. Rc6 Kd7 33. Rc4
Rb3+ 34. Kc2 Rxe3 35. Kb1 Re2 36. Rc2 Rxc2 37. Kxc2 Kc6 38. g3 Kb5 39. Kc3 c5
40. h3 h6 41. g4 g6 42. h4 h5 43. g5 c4 44. Kc2 Kb4 45. Kd2 a3 46. bxa3+ Kxa3
47. Kc3 a4 48. Kxc4 Kb2 49. Kd5 a3 50. Ke5 a2 51. Kf6 a1=Q 52. Kxg6 Kc2 53. Kxh5
Qh8+ 54. Kg4 Kd3 55. g6 Ke4 56. Kg5 Qd8+ 57. Kh5 Qh8+ 58. Kg5 Ke5 59. h5 Ke6 60.
h6 Qf6+ {White resigns} 0-1

[Event "Team 45 45 League T68"]
[Site "Internet Chess Club"]
[Date "2016.04.03"]
[Round "4"]
[White "RohitC"]
[Black "oldbookseller"]
[Result "1-0"]
[WhiteElo "1012"]
[BlackElo "1068"]
[Opening "Giuoco Pianissimo: Italian four knights variation"]
[ECO "C28"]
[Time "15:10:28"]
[TimeControl "2700+45"]

1. e4 e5 2. Nc3 Nc6 3. Bc4 Nf6 4. d3 Bc5 5. Nf3 O-O 6. O-O d6 7. h3 Nh5 8. Bg5
Qd7 9. Bh4 Nf4 10. Ng5 Nd8 11. Nd5 b5 12. Nxf4 exf4 13. Bd5 c6 14. Bb3 d5 15.
exd5 cxd5 16. d4 Bb6 17. Qh5 h6 18. Nf3 Ne6 19. Rad1 Bb7 20. c3 Nc5 21. dxc5
Bxc5 22. Bc2 d4 23. cxd4 Bxf3 24. Qxf3 Be7 25. Bxe7 Qxe7 26. Qxf4 Qe2 27. Rd2
Qc4 28. Qe4 g6 29. h4 Rae8 30. Qb7 Re2 31. Rxe2 Qxe2 32. Bb3 Qxb2 33. Bd5 Qxd4
34. Qxb5 Qe5 35. Qd7 Qf6 36. h5 g5 37. Qxa7 Qf5 38. Qb7 g4 39. Be4 Qxh5 40. g3
f5 41. Bd5+ Kh8 42. Qb2+ Kh7 43. Re1 f4 44. Re7+ Kg6 45. Qg7+ Kf5 46. Qxf8+ Kg5
47. Rg7+ {Black resigns} 1-0

[Event "Team 45 45 League T68"]
[Site "Internet Chess Club"]
[Date "2016.04.01"]
[Round "4"]
[White "modiglani"]
[Black "fishhead"]
[Result "0-1"]
[WhiteElo "1956"]
[BlackElo "1878"]
[Opening "Sicilian: closed"]
[ECO "B23"]
[Time "14:00:39"]
[TimeControl "2700+45"]

1. e4 c5 2. Nc3 e6 3. f4 d5 4. Nf3 d4 5. Bb5+ Nd7 6. Ne2 a6 7. Bxd7+ Qxd7 8. d3
Nf6 9. O-O Be7 10. Ne5 Qc7 11. Ng3 h5 12. Qf3 h4 13. Ne2 Nd7 14. Bd2 Bf6 15. Nc4
e5 16. f5 b5 17. Ba5 Qc6 18. Nd2 Bg5 19. Rfe1 Qh6 20. Nf1 Bb7 21. Rad1 Rc8 22.
Bd2 Nf6 23. Qh3 c4 24. Bxg5 Qxg5 25. Nd2 Ng4 26. dxc4 bxc4 27. Nxd4 exd4 28. Nf3
Qf4 29. Rxd4 Ne5 30. Nxe5 Qxe5 31. Red1 O-O 32. Qxh4 Rfe8 33. Qf2 Bxe4 34. Re1
Qxf5 35. Rdxe4 Qxe4 36. Rxe4 Rxe4 37. h4 Rce8 38. h5 Re1+ 39. Kh2 R8e5 40. Qf3
R1e4 41. g3 Re2+ 42. Kh3 Rxc2 43. Qa8+ Kh7 44. Qxa6 Rxh5+ 45. Kg4 Rh6 46. Qb7
Rg6+ 47. Kf3 Rf6+ 48. Ke3 g6 49. a4 Rff2 50. a5 Rxb2 51. Qh1+ Kg7 52. a6 Rfe2+
53. Kd4 Ra2 54. Qb7 Re6 55. a7 Rea6 56. Kxc4 Rxa7 57. Qd5 R2a3 58. Qe5+ f6 59.
Qb8 Re7 60. Qd6 Raa7 61. g4 Re4+ 62. Kd3 Rxg4 63. Ke3 g5 64. Kf3 Rf4+ 65. Kg3
Rfa4 66. Kh3 Ra3+ 67. Kg2 Ra2+ 68. Kg1 Rb7 69. Qd3 Rbb2 70. Qd1 Rg2+ 71. Kh1
Rh2+ {White resigns} 0-1

[Event "Team 45 45 League T68"]
[Site "Internet Chess Club"]
[Date "2016.04.03"]
[Round "4"]
[White "PolishRyszard"]
[Black "xt"]
[Result "1/2-1/2"]
[WhiteElo "1884"]
[BlackElo "1789"]
[Opening "Levitsky attack (Queen's bishop attack)"]
[ECO "D00"]
[Time "14:20:50"]
[TimeControl "2700+45"]

1. d4 d5 2. Bg5 h6 3. Bh4 Nf6 4. Bxf6 exf6 5. e3 Bd6 6. g3 c6 7. Bg2 O-O 8. Ne2
Bg4 9. Qd3 Nd7 10. Nd2 Nb6 11. O-O Qd7 12. c4 Bf5 13. Qb3 Nxc4 14. Nxc4 dxc4 15.
Qxc4 Rfe8 16. Nc3 Rac8 17. e4 Be6 18. Qd3 Bb4 19. Rfd1 Bg4 20. f3 Bh3 21. a3 Ba5
22. b4 Bb6 23. Na4 Bxg2 24. Kxg2 Qc7 25. Rac1 Rcd8 26. Nc5 Bxc5 27. Rxc5 Rd6 28.
Qc3 Qe7 29. b5 cxb5 30. Rxb5 Rc6 31. Qb3 b6 32. d5 Rc5 33. d6 Qe6 34. Rd5 Rc6
35. d7 Rd8 36. Qd3 Rc7 37. a4 Rcxd7 38. a5 Rxd5 39. exd5 Qd6 40. axb6 axb6 41.
Qd4 Rb8 42. f4 Kf8 43. Qb2 Kg8 44. Qd4 Rd8 45. Rxb6 Qxd5+ 46. Qxd5 Rxd5 47. Rb7
g6 48. h3 Kg7 49. Kf3 Rd3+ 50. Kf2 h5 51. Kg2 Rd2+ 52. Kf3 g5 53. fxg5 fxg5 54.
Rb4 Rd3+ 55. Kg2 Kg6 56. Rb6+ f6 57. Rb5 h4 58. gxh4 gxh4 59. Rb4 Kg5 60. Rg4+
Kh5 61. Rf4 Kg5 62. Rg4+ Kh5 63. Rf4 Rg3+ 64. Kh2 Kg5 65. Ra4 f5 66. Ra5 Rf3 67.
Kg2 Rg3+ 68. Kh2 Re3 69. Ra4 Re4 70. Ra2 Re3 71. Ra4 Re2+ 72. Kg1 Re3 73. Kg2
Re2+ 74. Kg1 Re4 75. Ra2 Kf4 76. Rf2+ Kg3 77. Rxf5 Re1+ 78. Rf1 Re2 79. Ra1 Kxh3
80. Ra3+ Kg4 81. Ra4+ Kh3 82. Ra3+ Kg4 83. Ra4+ Kg3 84. Ra3+ Kf4 85. Ra4+ Kf3
86. Ra3+ {Game drawn by mutual agreement} 1/2-1/2

[Event "Team 45 45 League T68"]
[Site "Internet Chess Club"]
[Date "2016.04.05"]
[Round "4"]
[White "THE-WARRIOR"]
[Black "Goli"]
[Result "0-1"]
[WhiteElo "1714"]
[BlackElo "1741"]
[Opening "King's Indian, 3.Nf3"]
[ECO "E61"]
[Time "18:03:17"]
[TimeControl "2700+45"]

1. d4 Nf6 2. c4 g6 3. Nf3 Bg7 4. Nc3 O-O 5. h3 d6 6. Bg5 Nbd7 7. e3 h6 8. Bh4 a5
9. Be2 c5 10. O-O cxd4 11. exd4 b6 12. Bg3 Ba6 13. Rc1 Rc8 14. b3 Nh5 15. Bh2 e5
16. d5 f5 17. Nd2 Nhf6 18. f3 Nc5 19. Re1 Nh5 20. Qc2 Qh4 21. Nf1 Kh7 22. Bd3
Nxd3 23. Qxd3 Rf7 24. Qd2 Rcf8 25. Qf2 Qd8 26. Ng3 Nf4 27. Red1 Qg5 28. Kh1 Nd3
29. Qf1 Nxc1 30. Rxc1 h5 31. Rd1 h4 32. Nge2 Qd8 33. Bg1 Bc8 34. Na4 Rb7 35.
Nec3 Bd7 36. Nb5 Bxb5 37. cxb5 Bh6 38. Qf2 e4 39. f4 g5 40. Bh2 g4 41. Bg1 gxh3
42. gxh3 Rg8 43. Nxb6 Rg3 44. Nc4 Rxh3+ 45. Bh2 Rf3 46. Qd2 Rxb5 47. Ne3 Qf6 48.
Nc4 Rc5 49. Rg1 a4 50. Qg2 Rc8 51. b4 h3 52. Qe2 Rg8 53. Rxg8 Kxg8 54. Ne3 Qa1+
55. Bg1 Bxf4 56. Nxf5 h2 57. Qg2+ Kf8 {White resigns} 0-1

[Event "Team 45 45 League T68"]
[Site "Internet Chess Club"]
[Date "2016.04.03"]
[Round "4"]
[White "Signalman"]
[Black "Timotheous"]
[Result "1/2-1/2"]
[WhiteElo "1824"]
[BlackElo "1686"]
[Opening "Queen's pawn: London system"]
[ECO "A45"]
[Time "12:05:32"]
[TimeControl "2700+45"]

1. d4 Nf6 2. Bf4 d6 3. Nf3 c6 4. c3 Qc7 5. e3 Bg4 6. Be2 Nbd7 7. Nbd2 e5 8. Bg5
e4 9. Bxf6 exf3 10. Bxf3 Bxf3 11. Qxf3 Nxf6 12. O-O d5 13. Rac1 Bd6 14. g3 O-O
15. Qf5 Qd7 16. Qxd7 Nxd7 17. b3 Nf6 18. Kg2 Ne4 19. Nxe4 dxe4 20. c4 f5 21. c5
Bc7 22. b4 a6 23. a4 Rfd8 24. Rb1 Rab8 25. b5 axb5 26. axb5 cxb5 27. Rxb5 Rd5
28. Rfb1 b6 29. cxb6 Rxb5 30. Rxb5 Rxb6 31. Rxf5 g6 32. Rc5 Bd6 33. Ra5 Bb8 34.
Ra8 Kf7 35. Ra2 Ke6 36. h4 h5 37. Ra5 Kf6 38. Rg5 Bc7 39. g4 hxg4 40. Rxg4 Re6
41. Kh3 Kf5 42. Rg5+ Kf6 43. Kg4 Re7 44. h5 gxh5+ 45. Kxh5 Rg7 {Game drawn by
mutual agreement} 1/2-1/2

[Event "Team 45 45 League T68"]
[Site "Internet Chess Club"]
[Date "2016.03.31"]
[Round "4"]
[White "hewdondada"]
[Black "LiangLiang"]
[Result "0-1"]
[WhiteElo "1714"]
[BlackElo "1785"]
[Opening "Trompowsky attack (Ruth, Opocenský opening)"]
[ECO "A45"]
[Time "19:34:54"]
[TimeControl "2700+45"]

1. d4 Nf6 2. Bg5 Ne4 3. Bf4 d5 4. f3 Nf6 5. e4 dxe4 6. Nc3 exf3 7. Nxf3 e6 8.
Bc4 Bd6 9. Bxd6 cxd6 10. O-O O-O 11. Kh1 Nbd7 12. Bd3 Qe7 13. Qe1 a6 14. Qh4 h6
15. Rae1 Re8 16. Ne4 Nxe4 17. Qxe4 Nf6 18. Qh4 Nd5 19. Qe4 f5 20. Qh4 Qxh4 21.
Nxh4 g5 22. Nxf5 Nf4 23. Nxd6 Rd8 24. Nxc8 Raxc8 25. Be4 Rxd4 26. g3 Nd5 27. Rf2
Rcc4 28. Bd3 Rc6 29. Ref1 Rc8 30. Rf7 Ne3 31. R1f3 Rxd3 32. Rf8+ Rxf8 33. Rxf8+
Kxf8 34. cxd3 Nc2 35. a3 Ne1 {White resigns} 0-1

[Event "Team 45 45 League T68"]
[Site "Internet Chess Club"]
[Date "2016.04.04"]
[Round "4"]
[White "watkins"]
[Black "noblitz-oblige"]
[Result "1/2-1/2"]
[WhiteElo "1514"]
[BlackElo "1511"]
[Opening "Two knights defense"]
[ECO "C55"]
[Time "10:30:12"]
[TimeControl "2700+45"]

1. e4 e5 2. Nf3 Nc6 3. Bc4 Nf6 4. Qe2 Be7 5. a3 O-O 6. c3 d6 7. d3 Be6 8. Bxe6
fxe6 9. Ng5 Qd7 10. O-O h6 11. Nf3 Rf7 12. Nbd2 Raf8 13. Nc4 a6 14. Nh4 d5 15.
exd5 exd5 16. Nxe5 Nxe5 17. Qxe5 Ng4 18. Qh5 Rxf2 19. Rxf2 Nxf2 20. Ng6 Rf6 21.
Nxe7+ Qxe7 22. Bd2 c6 23. Re1 Qf7 24. Qe2 h5 25. Rf1 Ng4 26. Rxf6 Nxf6 27. b4
Qe8 28. Qxe8+ Nxe8 29. Kf2 Kf7 30. Kf3 Kf6 31. Kf4 g5+ 32. Kf3 Kf5 33. h3 Nf6
34. a4 Nd7 35. g4+ Kg6 36. gxh5+ Kxh5 37. Be1 Ne5+ 38. Ke3 g4 39. hxg4+ Kxg4 40.
a5 {Game drawn by mutual agreement} 1/2-1/2

[Event "Team 45 45 League T68"]
[Site "Internet Chess Club"]
[Date "2016.04.02"]
[Round "4"]
[White "alexping"]
[Black "achessman"]
[Result "1/2-1/2"]
[WhiteElo "1907"]
[BlackElo "1910"]
[Opening "QGD: semi-Slav, Noteboom variation"]
[ECO "D31"]
[Time "08:33:46"]
[TimeControl "2700+45"]

1. d4 d5 2. c4 e6 3. Nc3 c6 4. Nf3 dxc4 5. e4 b5 6. g3 Bb7 7. Bg2 Bb4 8. Qc2 Nf6
9. Bg5 h6 10. Bxf6 Qxf6 11. O-O a6 12. Rad1 O-O 13. e5 Qd8 14. Ne4 Nd7 15. a3
Be7 16. a4 Qb6 17. b3 cxb3 18. Qxb3 c5 19. dxc5 Nxc5 20. Nxc5 Bxc5 21. axb5 Bd5
22. Rxd5 exd5 23. Qxd5 axb5 24. Bh3 Rfd8 25. Qe4 Ra2 26. e6 Bxf2+ 27. Kh1 Ra4
28. exf7+ Kxf7 29. Qe2 Qe3 {Game drawn by mutual agreement} 1/2-1/2

[Event "Team 45 45 League T68"]
[Site "Internet Chess Club"]
[Date "2016.04.01"]
[Round "4"]
[White "cityprosecutor"]
[Black "bobhill"]
[Result "0-1"]
[WhiteElo "1766"]
[BlackElo "1855"]
[Opening "Sicilian defense"]
[ECO "B20"]
[Time "23:01:46"]
[TimeControl "2700+45"]

1. e4 c5 2. d3 Nc6 3. g3 g6 4. Bg2 Bg7 5. f4 d6 6. Nf3 Nf6 7. O-O O-O 8. a4 Bd7
9. h3 e6 10. g4 Nd4 11. Nbd2 d5 12. e5 Ne8 13. g5 Nf5 14. Qe1 Bc6 15. Nh4 Nc7
16. Nxf5 exf5 17. h4 Ne6 18. c3 Re8 19. Nf3 Qd7 20. Qd1 Rad8 21. Kf2 b5 22. axb5
Bxb5 23. Rh1 Bc6 24. h5 Qc7 25. d4 cxd4 26. Nxd4 Nxd4 27. Qxd4 a5 28. Qc5 Bf8
29. Qxa5 Qb7 30. Qa2 Bc5+ 31. Kg3 Qb6 32. hxg6 hxg6 33. Qa6 Bf2+ 34. Kh3 Kg7 35.
Bf3 Rh8+ 36. Kg2 Rxh1 37. Kxh1 Qc7 38. Qe2 Bb6 39. Be3 d4 40. Bxd4 Bxf3+ 41.
Qxf3 Bxd4 42. cxd4 Rh8+ 43. Kg1 Qc2 44. Qg3 Qxb2 45. Rd1 Qe2 46. Re1 Qd2 47. Rf1
Qxd4+ 48. Qf2 Qd5 49. Qf3 Qc5+ 50. Kg2 Rh4 51. Kg3 Rg4+ 52. Kh2 Qc2+ 53. Rf2 Qc1
54. Rf1 Qd2+ 55. Qf2 Qd8 {White resigns} 0-1

[Event "Team 45 45 League T68"]
[Site "Internet Chess Club"]
[Date "2016.04.04"]
[Round "4"]
[White "kidcobra"]
[Black "Frankly"]
[Result "1/2-1/2"]
[WhiteElo "1831"]
[BlackElo "1761"]
[Opening "Sicilian: Smith-Morra gambit"]
[ECO "B21"]
[Time "14:02:35"]
[TimeControl "2700+45"]

1. e4 c5 2. d4 cxd4 3. c3 dxc3 4. Nxc3 e6 5. Nf3 Qc7 6. Nb5 Qb6 7. Be3 Bb4+ 8.
Nd2 Qd8 9. Qb3 Nc6 10. a3 Bxd2+ 11. Bxd2 d5 12. Bf4 e5 13. exd5 Na5 14. Qa4 Bd7
15. Nd6+ Kf8 16. Qb4 exf4 17. Nxb7+ Qe7+ 18. Qxe7+ Nxe7 19. Nxa5 {Game drawn by
mutual agreement} 1/2-1/2

[Event "Team 45 45 League T68"]
[Site "Internet Chess Club"]
[Date "2016.04.02"]
[Round "4"]
[White "Constrictor"]
[Black "Beetlejuice"]
[Result "0-1"]
[WhiteElo "1618"]
[BlackElo "1839"]
[Opening "Bird's opening"]
[ECO "A02"]
[Time "12:04:23"]
[TimeControl "2700+45"]

1. f4 d6 2. Nf3 Bg4 3. e4 c5 4. Be2 g6 5. O-O Bg7 6. c3 Nc6 7. Ng5 Bxe2 8. Qxe2
e6 9. d3 Nge7 10. f5 h6 11. Nh3 Bf8 12. fxe6 fxe6 13. Nd2 Qd7 14. Nc4 b5 15. Ne3
O-O-O 16. Ng4 g5 17. Nf6 Qb7 18. Qg4 Ng6 19. Qxe6+ Kb8 20. Ng4 Nge5 21. Nxe5
Nxe5 22. d4 Nd3 23. Rf7 Qb6 24. Be3 Nxb2 25. dxc5 dxc5 26. Qb3 Nd3 27. Raf1 Qa5
28. Nf2 c4 29. Qb1 Bc5 30. Rf5 Bxe3 31. Rxb5+ Qxb5 32. Qxb5+ Bb6 33. g3 Nxf2 34.
Rxf2 Rhf8 35. Kg2 Rxf2+ 36. Kh3 Rdd2 37. e5 h5 38. Qe8+ Kb7 39. Qe7+ Kc6 40.
Qe6+ Kb5 41. a4+ Ka5 {White resigns} 0-1

[Event "Team 45 45 League T68"]
[Site "Internet Chess Club"]
[Date "2016.04.04"]
[Round "4"]
[White "jonesey"]
[Black "jjmolina"]
[Result "1/2-1/2"]
[WhiteElo "2003"]
[BlackElo "1882"]
[Opening "Giuoco Piano"]
[ECO "C54"]
[Time "10:12:15"]
[TimeControl "2700+45"]

1. e4 e5 2. Nf3 Nc6 3. Bc4 Bc5 4. c3 Nf6 5. d3 d6 6. Bb3 Bg4 7. Be3 Bb6 8. Nbd2
O-O 9. O-O d5 10. Bxb6 axb6 11. h3 Bh5 12. Re1 Re8 13. Qe2 d4 14. Nf1 Qd6 15.
Ng3 Bg6 16. Nh4 Ne7 17. c4 Nd7 18. Bc2 Nc6 19. a3 Qf6 20. Qg4 Nc5 21. Nhf5 Ne6
22. h4 Nf4 23. h5 Bxf5 24. exf5 Rad8 25. Re4 h6 26. Rae1 Qg5 27. Qf3 f6 28. Kh2
Kh8 29. Ba4 Rf8 30. Bxc6 bxc6 31. Kg1 c5 32. Kf1 Qh4 33. Ne2 Qh1+ 34. Ng1 Kg8
35. g3 Qxf3 36. Nxf3 Nxd3 37. Rb1 Ra8 38. Nd2 Kf7 39. Ke2 Nxb2 40. Rxb2 Rxa3 41.
Nb3 Rfa8 42. Kd3 R8a4 43. Re1 Rb4 44. Reb1 c6 45. Ke2 Rxc4 46. Nd2 Rb4 47. Rxb4
cxb4 48. Rxb4 Ra6 49. Nc4 b5 50. Nd6+ Ke7 51. Ne4 Ra2+ 52. Kd3 Ra3+ 53. Kc2 Ra2+
54. Rb2 Ra1 55. Kd2 Ra4 56. Rc2 Rc4 57. Ra2 Ra4 58. Rxa4 bxa4 59. Kc2 Kd7 60.
Kb2 Kc7 61. Ka3 Kb6 62. Kxa4 c5 63. Nd2 Kc6 64. f3 Kd5 65. Kb5 d3 66. Ka4 Kd4
67. Kb3 Ke3 68. Kc3 Ke2 69. g4 Ke3 70. Ne4 Kxf3 71. Nxf6 gxf6 72. g5 hxg5 73. h6
Ke2 74. h7 d2 75. h8=Q d1=Q 76. Qh5+ Ke1 77. Qh1+ Ke2 78. Qh5+ Ke1 79. Qh1+ Ke2
80. Qh5+ Ke1 {Game drawn by repetition} 1/2-1/2